 Dungeon Crawl Stone Soup version 0.29.1-1-gd02db6906a (webtiles) character file.

Game seed: 749267978674416707

7 concernfroge the Trooper (level 1, -1/18 HPs)
             Began as a Mummy Monk on Sept 18, 2022.
             Slain by a quokka (3 damage)
             ... on level 1 of the Dungeon.
             The game lasted 00:01:02 (284 turns).

concernfroge the Trooper (Mummy Monk)                Turns: 284, Time: 00:01:02

Health: -1/18      AC:  2    Str: 14    XL:     1   Next: 91%
Magic:  1/1        EV: 12    Int:  9    God:
Gold:   21         SH:  0    Dex: 14    Spells: 0/0 levels left

rFire   x . .      SeeInvis .   a - +0 spear
rCold   + . .      Faith    .   (no shield)
rNeg    + + +      Spirit   .   b - +0 robe
rPois   ∞          Reflect  .   (no helmet)
rElec   .          Harm     .   (no cloak)
rCorr   .          Rampage  .   (no gloves)
Will    .....                   (no boots)
Stlth   ++........              (no amulet)
HPRegen 0.06/turn               (no ring)
MPRegen 0.07/turn               (no ring)

@: no status effects
A: cold resistance 1, negative energy resistance 3, torment resistance 2, heat
vulnerability 1, no potions
a: no special abilities


You were on level 1 of the Dungeon.
You visited 1 branch of the dungeon, and saw 1 of its levels.

You collected 21 gold pieces.

Inventory:

Hand Weapons
 a - a +0 spear (weapon)
Missiles
 c - 3 boomerangs (quivered)
Armour
 b - a +0 robe (worn)
Scrolls
 d - 3 scrolls of fear {unknown}
 e - a scroll of identify {unknown}


   Skills:
 + Level 3.5 Fighting
 - Level 2.4 Polearms
 - Level 2.4 Dodging
 - Level 1.5 Stealth


You couldn't memorise any spells.
You didn't know any spells.
Your spell library was empty.

Dungeon Overview and Level Annotations

Branches:
Dungeon (1/15)

Altars:


Innate Abilities, Weirdness & Mutations

You are immune to poison.
Your flesh is cold resistant. (rC+)
You are immune to negative energy. (rN+++)
You are immune to unholy pain and torment.
You are vulnerable to heat. (rF-)
You do not drink.


Message History

You barely miss the kobold.
The kobold is moderately wounded.
The kobold closely misses you.
You barely miss the kobold.
The kobold is moderately wounded.
The kobold hits you with a +0 short sword.
You hit the kobold.
You kill the kobold!
No target in view!
You now have 21 gold pieces (gained 11).
e - a scroll labelled ZUMADO DANE As you open the door, it creaks loudly!
You hear a shout!
Found a fizzy pink potion.
A goblin and a kobold come into view.
The kobold throws a stone.
The stone closely misses you.
There is an open door here.
A quokka comes into view.
You reach to attack!
You miss the goblin.
The goblin shouts!
The kobold throws a stone.
The stone hits you but does no damage.
You hit the goblin but do no damage. The goblin hits you with a +0 club.
The kobold throws a stone.
The stone barely misses you.
You completely miss the goblin.
The kobold throws a stone.
The stone barely misses you. The goblin closely misses you.
You barely miss the goblin. The goblin hits you with a +0 club.
A hobgoblin comes into view.
The goblin hits you with a +0 club. The kobold attacks as you move away!
The kobold hits you with a +0 dagger. The goblin hits you with a +0 club.
* * * LOW HITPOINT WARNING * * *
You closely miss the kobold. The kobold hits you with a +0 dagger.
* * * LOW HITPOINT WARNING * * *
You hit the kobold but do no damage. The kobold misses you.
You hit the kobold but do no damage. The kobold closely misses you.
You hit the kobold.
You kill the kobold!
You hit the quokka.
The quokka is moderately wounded.
The quokka bites you.
You die...

### ... .. ..
.##. .### ..#.
..# ...####.#
##♣♣ #....#@#
...
#.##....#r##.♣
......!..gg..♣♣
#............♣
##+###.......#
#.......#
###'#####
.##.#####.#####♣
...............♣


You could see a quokka, a hobgoblin and a goblin.

Vanquished Creatures
  An endoplasm (D:1)
  3 kobolds (D:1)
  A quokka (D:1)
  A bat (D:1)
  2 frilled lizards (D:1)
8 creatures vanquished.

Notes
Turn   | Place    | Note
-------+----------+-------------------------------------------
     0 | D:1      | concernfroge the Mummy Monk began the quest for the Orb.
     0 | D:1      | Reached XP level 1. HP: 18/18 MP: 1/1
   284 | D:1      | Slain by a quokka

Illustrated notes

Levels and vault maps discovered:
D:1:      minmay_arrival_stone_box, layout_basic, serial_forest,
          infiniplex_forest_pool, infiniplex_forest_split,
          infiniplex_forest_clump_small, infiniplex_forest_end_2,
          infiniplex_forest_straight_2, infiniplex_forest_3_way,
          infiniplex_forest_clump_double, infiniplex_forest_straight_2,
          infiniplex_forest_zigzag_1, minmay_tromino_v4_b

Action                   || total
-------------------------++-------
Melee: Spear             ||    29
 Stab: Sleeping          ||     1
Armor: Robe              ||     2
Dodge: Dodged            ||    14
